 Dungeon Crawl Stone Soup version 0.24-a0-218-ga595e75 (console) character file.

Game seed: 12877210227671842970

1190 bli the Slasher (level 8, -14/51 HPs)
             Began as an Octopode Conjurer on Mar 30, 2019.
             Was an Initiate of Vehumet.
             Demolished by a shadow (25 damage)
             ... created by the darkness of Dithmenos
             ... on level 6 of the Dungeon.
             The game lasted 00:21:07 (5122 turns).

bli the Slasher (Octopode Conjurer)                 Turns: 5122, Time: 00:21:07

Health: -14/51     AC:  1    Str: 10    XL:     8   Next: 43%
Magic:  15/15      EV: 15    Int: 19    God:    Vehumet [......]
Gold:   115        SH:  4    Dex: 17    Spells: 11/17 levels left

rFire    + + .     SeeInvis .   o - +2 long sword (holy)
rCold    x . .     Gourm    .   (no shield)
rNeg     . . .     Faith    .   (helmet restricted)
rPois    .         Spirit   .   c - +4 amulet of reflection
rElec    .         Reflect  +   a - ring of fire
rCorr    .         Harm     .   k - +2 ring of intelligence
MR       +....                  l - ring of protection from fire
Stlth    ++++......             x - +3 ring of dexterity
HPRegen  0.17/turn              A - ring of protection from magic
MPRegen  0.14/turn              M - +2 ring of strength
                                (no ring)
                                (no ring)

@: no status effects
A: almost no armour, stealthy swim, amphibious, 8 rings, constrict 8, camouflage
1, gelatinous body 1
a: Renounce Religion


You were on level 6 of the Dungeon.
You worshipped Vehumet.
Vehumet was noncommittal.
You were hungry.

You visited 2 branches of the dungeon, and saw 7 of its levels.

You collected 381 gold pieces.
You spent 266 gold pieces at shops.

Inventory:

Hand Weapons
 j - a +0 hunting sling
 m - a +0 spear
 o - a +2 long sword of holy wrath (weapon)
 D - a +0 shortbow
 J - a +2 dagger of draining
 K - a +1 whip of freezing
Missiles
 i - 169 stones (quivered)
 n - 59 arrows
 u - 10 poisoned needles
 y - 15 sling bullets
Jewellery
 a - a ring of fire (left tentacle)
 c - a +4 amulet of reflection (around mantle)
 d - an uncursed amulet of harm {unknown}
 k - a +2 ring of intelligence (right tentacle)
 l - a ring of protection from fire (on tentacle)
 x - a +3 ring of dexterity (on tentacle)
 A - a ring of protection from magic (on tentacle)
 M - a +2 ring of strength (on tentacle)
Wands
 I - a wand of polymorph (5)
Scrolls
 e - a scroll of remove curse {unknown}
 g - 10 scrolls of identify {unknown}
 p - a scroll of blinking {unknown}
 q - a scroll of enchant weapon {unknown}
 r - a scroll of enchant armour {unknown}
 s - a scroll of teleportation {unknown}
 t - 3 scrolls of immolation {unknown}
 v - a scroll of noise {unknown}
 w - a scroll of amnesia {unknown}
 z - 2 scrolls of fear {unknown}
 E - a scroll of fog {unknown}
Potions
 f - a potion of flight {unknown}
 h - a potion of brilliance {unknown}
 C - a potion of haste
 F - a potion of heal wounds {unknown}
 G - a potion of magic
 H - a potion of mutation
 L - 2 potions of degeneration {unknown}
Comestibles
 b - 8 rations


   Skills:
 * Level 2.9 Fighting
 * Level 5.7 Long Blades
 * Level 3.6 Dodging
 - Level 4.0 Stealth
 - Level 5.0 Spellcasting
 - Level 5.0 Conjurations


You had 11 spell levels left.
You knew the following spells:

 Your Spells              Type           Power        Failure   Level  Hunger
a - Magic Dart            Conj           ###.         1%          1    None
d - Dazzling Spray        Conj/Hex       ##....       13%         3    ##.....
r - Searing Ray           Conj           ###...       2%          2    #......

Your spell library contained the following spells:

 Spells                   Type           Power        Failure   Level  Hunger
 Corona                   Hex            #......      12%         1    None
 Sandblast                Erth           #.....       12%         1    None
 Stone Arrow              Conj/Erth      ##....       13%         3    ##.....
 Iskenderun's Mystic Bla  Conj           ###.....     16%         4    ####...
 Passwall                 Tmut/Erth      #.......     19%         2    #......
 Slow                     Hex            #.......     19%         2    #......
 Inner Flame              Hex/Fire       #.......     36%         3    ##.....
 Portal Projectile        Hex/Tloc       #.....       36%         3    ##.....
 Force Lance              Conj/Tloc      ##......     41%         4    ####...
 Fulminant Prism          Conj/Hex       ##........   41%         4    ####...
 Cause Fear               Hex            #.........   77%         4    ####...
 Leda's Liquefaction      Hex/Erth       #.........   77%         4    ####...
 Petrify                  Tmut/Erth      #.......     77%         4    ####...
 Lee's Rapid Deconstruct  Erth           #.........   98%         5    ######.


Dungeon Overview and Level Annotations

Branches:
Dungeon (6/15)             Temple (1/1) D:5

Altars:
Ashenzari
Cheibriados
Dithmenos
Elyvilon
Fedhas
Gozag
Hepliaklqana
Kikubaaqudgha
Makhleb
Nemelex Xobeh
Okawaru
Ru
Trog
Uskayaw
Vehumet
Wu Jian
Xom
Yredelemnul
The Shining One

Shops:
D:5 !


Innate Abilities, Weirdness & Mutations

You cannot wear most types of armour.
You are very stealthy in the water. (Stealth+)
You are amphibious.
You can wear up to eight rings at the same time.
You can use your tentacles to constrict eight enemies at once.
Your skin changes colour to match your surroundings (Stealth+).
Your rubbery body absorbs attacks. (AC +1, EV +1)


Message History

A shadow demon and 3 shadows come into view.
You hit the shadow but do no damage. The shadow closely misses you.
The shadow hits you.
Found a ration.
You bump into the rock wall.
The shadow slips into darkness.
The shadow flickers and vanishes!
Deactivating autopickup; reactivate with Ctrl-A.
The shadow hits you.
You bump into the rock wall.
The shadow hits you. The shadow closely misses you.
The shadow strikes at you from the darkness!
Reactivating autopickup.
You're too confused to move!
The shadow completely misses you. The shadow misses you.
The shadow closely misses you.
You feel better. The shadow hits you! x2
* * * LOW HITPOINT WARNING * * *
The shadow slips into darkness.
The shadow flickers and vanishes!
Deactivating autopickup; reactivate with Ctrl-A.
The shadow strikes at you from the darkness!
You die...

#.# # #%# # #.#
# #.# # #.# #
#######.# #
#.....#.# #####
##.###.#@# ....#
#..#%#WW{# ###.#
#..###.###
###.#####.....2#
..........#.#.##
###.#.#####...#
#.#.........#
#.###########
#.# #.# #.#


You could see a shadow demon and 2 shadows.

Vanquished Creatures
  Pikel (D:5)
  Menkaure (D:5)
  2 slaves
  2 ogres
  A centaur (D:5)
  2 scorpions (D:5)
  A centaur zombie (D:5)
  A hound (D:4)
  2 iguanas
  Ijyb (D:5)
  6 adders
  A howler monkey skeleton (D:5)
  2 oozes
  4 worms
  A dart slug (D:3)
  A leopard gecko (D:2)
  10 goblins
  7 hobgoblins
  7 jackals
  A quokka (D:2)
  5 bats
  6 frilled lizards
  4 kobolds
  A leopard gecko zombie (D:5)
  2 rats
72 creatures vanquished.

Notes
Turn   | Place    | Note
-------+----------+-------------------------------------------
     0 | D:1      | bli the Octopode Conjurer began the quest for the Orb.
     0 | D:1      | Reached XP level 1. HP: 11/11 MP: 3/3
   715 | D:2      | Reached XP level 2. HP: 17/17 MP: 2/5
   787 | D:2      | You fall through a shaft!
   979 | D:3      | Found a sacrificial altar of Ru.
   987 | D:3      | Found a white marble altar of Elyvilon.
  1131 | D:3      | Reached XP level 3. HP: 21/21 MP: 4/7
  1447 | D:4      | Learned a level 2 spell: Searing Ray
  1566 | D:4      | Reached XP level 4. HP: 27/27 MP: 3/9
  1808 | D:4      | Reached skill level 1 in Long Blades
  1808 | D:4      | Reached XP level 5. HP: 31/31 MP: 3/11
  1813 | D:4      | Found a sparkling altar of Nemelex Xobeh.
  1814 | D:4      | Noticed an ogre
  2418 | D:2      | Found a faded altar of an unknown god.
  2421 | D:2      | Became a worshipper of Dithmenos the Shadowed
  2421 | D:2      | Reached * piety under Dithmenos
  3060 | D:4      | Killed an ogre
  3060 | D:4      | Reached XP level 6. HP: 37/37 MP: 6/12
  3222 | D:5      | Entered Level 5 of the Dungeon
  3227 | D:5      | Noticed Menkaure
  3241 | D:5      | HP: 1/37 [Menkaure (21)]
  3242 | D:5      | Killed Menkaure
  3242 | D:5      | Reached skill level 1 in Fighting
  3501 | D:5      | Found a staircase to the Ecumenical Temple.
  3517 | Temple   | Entered the Ecumenical Temple
  3593 | Temple   | Fell from the grace of Dithmenos
  3593 | Temple   | Became a worshipper of Vehumet
  3754 | D:5      | Reached skill level 5 in Spellcasting
  3754 | D:5      | Reached XP level 7. HP: 19/43 MP: 8/14
  3900 | D:5      | Found Quiw's Distillery.
  3910 | D:5      | Bought a potion of magic for 112 gold pieces
  3910 | D:5      | Bought a potion of mutation for 112 gold pieces
  3910 | D:5      | Bought a potion of curing for 42 gold pieces
  3914 | D:5      | Noticed Ijyb
  3928 | D:5      | HP: 2/43 [Ijyb/+2 dagger of draining (4)]
  3931 | D:5      | Killed Ijyb
  4507 | D:5      | Reached skill level 5 in Conjurations
  4515 | D:5      | Found a sparkling altar of Nemelex Xobeh.
  4649 | D:5      | Noticed Pikel
  4816 | D:4      | Learned a level 3 spell: Dazzling Spray
  4843 | D:5      | Killed Pikel
  4843 | D:5      | Reached skill level 5 in Long Blades
  4843 | D:5      | Reached XP level 8. HP: 15/51 MP: 7/15
  5116 | D:6      | Noticed a shadow demon
  5116 | D:6      | Noticed a shadow
  5116 | D:6      | Noticed a shadow
  5116 | D:6      | Noticed a shadow
  5122 | D:6      | Demolished by a shadow

Levels and vault maps discovered:
D:1:      psy_arrival_conway, layout_basic
D:2:      layout_basic, chequers_ecumenical_altar_grove, minmay_box_of_dots
D:3:      layout_loops_ring, nicolae_overflow_hidden_temple
D:4:      layout_loops_ring, nemelex_xobeh_ov_fountains_minmay
D:5:      layout_gridville, minmay_temple_entry_offerings, first_ration,
          serial_shops, nicolae_shop_stone, nemelex_dance_club_becter,
          uniq_pikel, uniq_menkaure, uniq_ijyb
D:6:      layout_loops_ring, item_on_display_a, uniq_grinder
Temple:   regret_index_temple_sphere_string

Skill      XL: |  1  2  3  4  5  6  7 |
---------------+----------------------+-----
Spellcasting   | 3 4 5 |  5.0
Stealth        | 3 4 |  4.0
Long Blades    | 1 2 3 5 |  5.7
Fighting       | 1 2 |  2.9
Conjurations   | 5 |  5.0
Dodging        | 3 |  3.6

Action                   |  1- 3 |  4- 6 |  7- 9 || total
-------------------------+-------+-------+-------++-------
Melee: Unarmed           |    11 |       |       ||    11
       Constrict         |     8 |     9 |     8 ||    25
       Long sword        |     9 |    28 |    27 ||    64
       Tentacles         |     4 |     1 |    10 ||    15
       Spear             |     3 |       |       ||     3
Throw: Stone             |       |     1 |       ||     1
 Cast: Magic Dart        |    45 |    32 |    18 ||    95
       Searing Ray       |       |     7 |     8 ||    15
       Dazzling Spray    |       |       |     1 ||     1
  Use: Potion            |       |       |     2 ||     2
 Stab: Sleeping          |     4 |     7 |     1 ||    12
       Invisible         |       |       |     1 ||     1
  Eat: Chunk             |     2 |     5 |     2 ||     9
       Ration            |       |     1 |       ||     1
Armor: Skin              |     1 |     2 |     4 ||     7
Dodge: Dodged            |    14 |    17 |    34 ||    65
Block: Other             |     2 |     7 |     9 ||    18
       Reflection        |       |     1 |       ||     1
       Rpst.: Long sword |     3 |     4 |    13 ||    20

Table legend:
 A = Non-vault XP
 B = Vault XP
 C = Vault XP percentage of total XP
 D = Non-vault monster count
 E = Vault monster count
 F = Vault count percentage of total count
                 A         B        C        D         E       F
            +---------+---------+-------+---------+---------+-------
      Total |     722 |     979 |  57.6 |      62 |       8 |  11.4
            +---------+---------+-------+---------+---------+-------
        D:1 |       9 |       0 |   0.0 |       6 |       0 |   0.0
        D:2 |      58 |       6 |   9.4 |      19 |       3 |  13.6
        D:3 |      35 |       0 |   0.0 |      17 |       0 |   0.0
        D:4 |     255 |       0 |   0.0 |       7 |       0 |   0.0
        D:5 |     365 |     973 |  72.7 |      13 |       5 |  27.8
            +---------+---------+-------+---------+---------+-------
